 Dungeon Crawl Stone Soup version 0.19.1-1-g22dce08 (console) character file.

4961 Kloppie the Fighter (level 10, -6/95 HPs)
             Began as a Purple Draconian Berserker on Jan 18, 2017.
             Was a High Priest of Trog.
             Mangled by a komodo dragon (32 damage)
             ... on level 8 of the Dungeon.
             The game lasted 00:13:54 (9159 turns).

Kloppie the Fighter (Purple Draconian Berserker)    Turns: 9159, Time: 00:13:55

Health: -6/95      AC: 11    Str: 20    XL:     10   Next: 28%
Magic:  13/13      EV: 13    Int:  8    God:    Trog [*****.]
Gold:   362        SH:  0    Dex: 13    Spells: 0 memorised, 9 levels left

rFire  . . .     SeeInvis .     a - +1 hand axe
rCold  . . .     Gourm    +     (armour unavailable)
rNeg   . . .     Faith    .     (no shield)
rPois  .         Spirit   .     (helmet restricted)
rElec  .         Reflect  .     y - +2 cloak {+Inv}
rCorr  .         Harm     .     (no gloves)
MR     ++++.                    (no boots)
Stlth  +.........               w - amulet of the gourmand
                                (no ring)
                                (no ring)

@: exhausted, very slightly contaminated, regenerating, slowed, very slow
A: breathe power, unfitting armour, claws 1, horns 1, magic resistance 1,
screaming 1, shaggy fur 1, cold-blooded, AC +7
a: Breathe Dispelling Energy, Berserk, Trog's Hand, Brothers in Arms, Burn
Spellbooks, Renounce Religion, Evoke Invisibility


You were on level 8 of the Dungeon.
You worshipped Trog.
Trog was extremely pleased with you.
You were very full.

You visited 1 branch of the dungeon, and saw 8 of its levels.
You also visited: Sewer.

You collected 362 gold pieces.

Inventory:

Hand Weapons
 a - a +1 hand axe (weapon)
 d - a +5 antimagic triple sword
 i - a +0 war axe
Armour
 y - a +2 cloak of invisibility (worn)
Jewellery
 w - an amulet of the gourmand (around neck)
Wands
 f - a wand of paralysis (24/24)
 o - a wand of confusion (18/48)
 p - a wand of teleportation (6/9)
Scrolls
 e - 3 scrolls of identify
 j - 6 scrolls of teleportation
 m - 5 scrolls of magic mapping
 q - a scroll of recharging
 r - 2 scrolls of noise
 s - 2 scrolls of immolation {unknown}
 u - a scroll of acquirement {unknown}
 z - a scroll of enchant armour
Potions
 k - 3 potions of brilliance
 t - 3 potions of might
 v - a potion of lignification {unknown}
Comestibles
 b - 7 bread rations
 c - 6 meat rations
 h - a slice of pizza


   Skills:
 - Level 11.0 Fighting
 - Level 10.7 Axes
 + Level 3.5 Dodging
 + Level 5.0 Evocations


You had 9 spell levels left.
You didn't know any spells.

Dungeon Overview and Level Annotations

Branches:
Dungeon (8/15)             Temple (0/1) D:7
   Lair: D:8-11

Altars:
Elyvilon
Kikubaaqudgha
Makhleb
Ru

Shops:
D:6 !


Innate Abilities, Weirdness & Mutations

You can breathe bolts of dispelling energy.
Your rich purple scales are hard. (AC +7)
You cannot fit into any form of body armour.
You are cold-blooded and may be slowed by cold attacks.
You have sharp fingernails.
You have a pair of small horns on your head.
You are resistant to hostile enchantments. (MR+)
You occasionally shout uncontrollably at your foes.
You are covered in fur. (AC +1)


Message History

The komodo dragon is moderately wounded.
You hit the komodo dragon. You headbutt the komodo dragon.
The komodo dragon is heavily wounded.
You are no longer berserk.
You are exhausted.
You feel yourself slow down. The komodo dragon bites you!
* * * LOW HITPOINT WARNING * * *
Okay, then.
Blink to where?
Press: ? - help, Dir - move target cursor You are very lightly contaminated with residual magic.
As you read the scroll of blinking, it crumbles to dust.
Your skin crawls.
You feel resistant to hostile enchantments.
You feel somewhat less full.
All of the chunks of flesh in your inventory have rotted away.
You hit the komodo dragon but do no damage.
The komodo dragon is moderately wounded.
The komodo dragon bites you!!
You die...

#.#
#.###...#####...#####
#.# #.##...........##
#
#.####################
#.#.> ### #.#.# #.####
#.#.#### ##.)...
#......# #### ##..†.##
###.##.#####..#
####()####
#.##....@l..###...##.#
#.######.###..l#### ##
#.# ####.#### #.# ###
#.# #.# #..


You could see a komodo dragon and an iguana.

Vanquished Creatures
  A deep elf mage (D:7)
  A komodo dragon (D:8)
  A hornet (D:8)
  Sigmund (D:2)
  A spriggan (D:7)
  Menkaure (D:6)
  2 water moccasins
  Duvessa (D:7)
  5 ogres
  3 orc warriors
  2 necrophages (D:7)
  4 centaurs
  A crocodile (D:8)
  Blork the orc (D:4)
  2 bullfrogs
  Dowan (D:7)
  2 scorpions
  11 wights
  2 howler monkeys
  A crimson imp (D:6)
  A bullfrog zombie (D:7)
  5 human zombies (D:7)
  3 hounds
  3 centaur skeletons
  2 orc priests
  Crazy Yiuf (D:2)
  A bullfrog skeleton (D:4)
  Terence (D:3)
  5 orc wizards
  5 worker ants
  2 mummies (D:7)
  A worker ant zombie (D:7)
  Robin (D:2)
  13 adders
  4 gnolls (D:8)
  A howler monkey skeleton (D:8)
  2 river rats (Sewer)
  2 shadow imps
  6 oozes
  6 worms
  2 dart slugs
  9 leopard geckos
  28 orcs
  9 ball pythons
  5 giant cockroaches
  18 goblins
  12 hobgoblins
  8 jackals
  14 kobolds
  4 quokkas
  11 bats
  11 frilled lizards
  A leopard gecko skeleton (D:6)
  An orc skeleton (D:7)
  An orc zombie (D:7)
  13 rats
  3 fungi (D:2)
259 creatures vanquished.

Vanquished Creatures (others)
  2 bushes (D:8)
2 creatures vanquished.

Grand Total: 261 creatures vanquished

Notes
Turn   | Place    | Note
-------+----------+-------------------------------------------
     0 | D:1      | Kloppie the Draconian Berserker began the quest for the Orb.
     0 | D:1      | Reached XP level 1. HP: 19/19 MP: 1/1
   120 | D:1      | Reached XP level 2. HP: 18/26 MP: 2/2
   434 | D:1      | Reached skill level 4 in Fighting
   444 | D:1      | Reached ** piety under Trog
   499 | D:1      | Reached XP level 3. HP: 30/33 MP: 3/3
   962 | D:2      | Noticed Robin
   973 | D:2      | Killed Robin
   975 | D:2      | Reached XP level 4. HP: 30/41 MP: 4/4
  1642 | D:2      | Reached skill level 5 in Fighting
  1708 | D:2      | Noticed Sigmund
  1714 | D:2      | Killed Sigmund
  1714 | D:2      | Reached skill level 5 in Axes
  1714 | D:2      | Reached XP level 5. HP: 50/50 MP: 5/5
  1714 | D:2      | Reached XP level 6. HP: 57/57 MP: 6/6
  2040 | D:2      | Reached *** piety under Trog
  2040 | D:2      | Reached skill level 6 in Fighting
  2070 | D:2      | Found a runed door.
  2074 | D:2      | Noticed Crazy Yiuf
  2078 | D:2      | Killed Crazy Yiuf
  2123 | D:2      | Gained mutation: You are resistant to hostile enchantments. (MR+) [potion of beneficial mutation]
  2383 | D:3      | Found a glowing drain.
  2388 | Sewer    | Entered a sewer
  3240 | D:3      | Noticed Terence
  3252 | D:3      | Killed Terence
  3347 | D:3      | Reached **** piety under Trog
  3471 | D:3      | Your scales start taking on a rich purple colour.
  3471 | D:3      | Reached XP level 7. HP: 53/64 MP: 7/7
  3941 | D:4      | Reached skill level 7 in Fighting
  4353 | D:4      | Noticed Blork the orc
  4365 | D:4      | Killed Blork the orc
  4688 | D:4      | Found a burning altar of Makhleb.
  4795 | D:5      | Entered Level 5 of the Dungeon
  4810 | D:5      | Reached skill level 8 in Fighting
  4942 | D:5      | Reached XP level 8. HP: 56/74 MP: 8/8
  4970 | D:5      | Gained mutation: You occasionally shout uncontrollably at your foes. [potion of mutation]
  4970 | D:5      | Gained mutation: You have a pair of small horns on your head. [potion of mutation]
  4970 | D:5      | Gained mutation: You are clumsy. (Dex -2) [potion of mutation]
  5096 | D:5      | Found a sacrificial altar of Ru.
  5248 | D:5      | Reached ***** piety under Trog
  5872 | D:6      | Reached skill level 9 in Fighting
  6929 | D:6      | Noticed Menkaure
  6935 | D:6      | Killed Menkaure
  6935 | D:6      | Reached XP level 9. HP: 75/85 MP: 9/9
  7022 | D:6      | Reached skill level 10 in Fighting
  7047 | D:6      | Found Neimamp's Distillery.
  7179 | D:7      | Found a staircase to the Ecumenical Temple.
  7249 | D:7      | Noticed Duvessa
  7267 | D:7      | Killed Duvessa
  7403 | D:7      | Noticed Dowan
  7410 | D:7      | Noticed a deep elf mage
  7418 | D:7      | Killed Dowan
  7422 | D:7      | Noticed a soul eater
  7426 | D:7      | Noticed a jumping spider
  7428 | D:7      | Killed a deep elf mage
  7613 | D:7      | Found an ancient bone altar of Kikubaaqudgha.
  7658 | D:7      | Reached skill level 11 in Fighting
  7683 | D:7      | Reached skill level 10 in Axes
  7690 | D:7      | Received a gift from Trog
  7709 | D:7      | Reached skill level 1 in Evocations
  8404 | D:8      | Reached XP level 10. HP: 70/93 MP: 12/12
  8522 | D:8      | Paralysed by a hornet for 1 turns
  8526 | D:8      | HP: 3/95 [hornet (16)]
  8528 | D:8      | Lost mutation: You are clumsy. (Dex -2) [potion of mutation]
  8528 | D:8      | Gained mutation: You are covered in fur. (AC +1) [potion of mutation]
  8528 | D:8      | Gained mutation: You have sharp fingernails. [potion of mutation]
  8528 | D:8      | HP: 1/95 [poisoned by a hornet]
  8533 | D:8      | HP: 4/95 [poisoned by a hornet]
  8535 | D:8      | Found a white marble altar of Elyvilon.
  8597 | D:8      | Paralysed by a hornet for 3 turns
  8906 | D:8      | Found a white marble altar of Elyvilon.
  9140 | D:8      | Reached skill level 5 in Evocations
  9159 | D:8      | Mangled by a komodo dragon

Skill      XL: |  1  2  3  4  5  6  7  8  9 10 |
---------------+-------------------------------+-----
Fighting       | 4 5 6 8 9 11 | 11.0
Axes           | 5 7 8 10 | 10.7
Evocations     | 3 5 |  5.0
Dodging        | 3 |  3.5

Action                   |  1- 3 |  4- 6 |  7- 9 | 10-12 || total
-------------------------+-------+-------+-------+-------++-------
Melee: Hand axe          |   113 |   325 |   470 |   100 ||  1008
       Tailslap          |    13 |    48 |    68 |    11 ||   140
       Headbutt          |       |       |    57 |    32 ||    89
Invok: Berserk           |     2 |     5 |     8 |     2 ||    17
       Trog's Hand       |       |       |     1 |     3 ||     4
  Use: Potion            |       |     8 |     5 |     4 ||    17
       Scroll            |       |     7 |     8 |     4 ||    19
 Stab: Sleeping          |     1 |       |     2 |       ||     3
       Paralysed         |       |       |     1 |       ||     1
  Eat: Chunk             |     1 |    14 |    27 |     4 ||    46
       Meat ration       |       |       |     2 |       ||     2
Armor: Skin              |    39 |    86 |   100 |    24 ||   249
Dodge: Dodged            |    94 |   165 |   232 |    48 ||   539
